 Dungeon Crawl Stone Soup version 0.31.0-32-g396128a36d (webtiles) character file.

Game seed: 7525689111422945123

5 Kaboulah the Covered (level 1, 18/18 HPs)
             Began as an Armataur Fighter on Mar 17, 2024.
             Was a Follower of Lugonu.
             Got out of the dungeon alive.
             The game lasted 00:02:44 (156 turns).

Kaboulah the Covered (Armataur Fighter)              Turns: 156, Time: 00:02:45

Health: 18/18      AC:  7    Str: 21    XL:     1   Next: 66%
Magic:  1/1        EV:  7    Int:  8    God:    Lugonu [*.....]
Gold:   10         SH:  4    Dex:  9    Spells: 0/0 levels left

rFire   . . .        a - +0 flail
rCold   . . .        c - +0 buckler
rNeg    . . .        b - +0 scale mail
rPois   .            (no helmet)
rElec   .            (no cloak)
rCorr   .            (no gloves)
SInv    .            (no barding)
Will    .....        (no amulet) Stlth
                     (no ring)
HPRegen 0.23/turn    (no ring)
MPRegen 0.07/turn

%: roll
@: no status effects
A: large, deformed body, tough skin 3, armoured tail, roll 1
a: Renounce Religion, Depart the Abyss


You escaped.
You worshipped Lugonu.
Lugonu was aware of your devotion.
You visited 1 branch of the dungeon, and saw 1 of its levels.

You collected 10 gold pieces.

Inventory:

Hand Weapons
 a - a +0 flail (weapon)
Armour
 b - a +0 scale mail (worn)
 c - a +0 buckler (worn)
Potions
 d - 2 potions of might


   Skills:
 + Level 2.7 Fighting
 * Level 2.0 Maces & Flails
 + Level 3.7 Armour
 + Level 3.3 Shields


You couldn't memorise any spells.
You didn't know any spells.
Your spell library was empty.

Dungeon Overview and Level Annotations

Branches:
Dungeon (1/15)

Altars:
Lugonu


Innate Abilities, Weirdness & Mutations

Armour fits poorly on your strangely shaped body.
You have extremely tough skin. (AC +3)
You have a long armoured tail.
You regenerate magic when rolling toward enemies. (Rampage MPRegen)


Message History

The endoplasm quivers.
An endoplasm is nearby!
You roll towards the endoplasm!
You roll towards the endoplasm!
The endoplasm hits you.
You hit the endoplasm.
The endoplasm is heavily wounded.
The endoplasm barely misses you.
You sock the endoplasm!
You kill the endoplasm!
You enter the shallow water.
A rat comes into view.
Found a faded altar of an unknown god.
The rat squeaks loudly.
Found a leather armour.
A quokka comes into view.
Found a hand axe.
You hit the rat but do no damage. The rat barely misses you.
You closely miss the rat. The rat bites you.
You hit the rat.
You kill the rat!
You sock the quokka!
You kill the quokka!
Your Maces & Flails skill increases to level 2!
There is a faded altar of an unknown god here.
This altar belongs to (a) Kikubaaqudgha, (b) Makhleb or (c) Lugonu, but you can't tell which.
Press the corresponding letter to learn more about a god, or press enter to convert or escape to cancel.
Okay, then.
This altar belongs to (a) Kikubaaqudgha, (b) Makhleb or (c) Lugonu, but you can't tell which.
Press the corresponding letter to learn more about a god, or press enter to convert or escape to cancel.
Lugonu accepts your prayer! Lugonu welcomes you!
You can now depart the Abyss.
Unknown command.
Press < or > to pray at altars.
Found 16 gold pieces.
You see here 7 stones.
There is a large open door here.
There is a large open door here.
There is a large open door here.
There is a staircase leading out of the dungeon here.
You can't go down here!
You have escaped!

#...# ####...#########
##...............
########..##........)..#
#........###...........#
#....[..## #............
#.......# #............
#....#### #............
#.####.@# #............
#.####''###############.
#.##......# #.
##.##.≈≈§§.# #.
#..##.≈≈≈§.# #.
#.###...§§§# #.#
###''### #.#####..#
#>....#''#######


There were no monsters in sight!

Vanquished Creatures
  A ball python (D:1)
  An endoplasm (D:1)
  A quokka (D:1)
  A kobold (D:1)
  A rat (D:1)
5 creatures vanquished.

Notes
Turn   | Place    | Note
-------+----------+-------------------------------------------
     0 | D:1      | Kaboulah the Armataur Fighter began the quest for the Orb.
     0 | D:1      | Reached XP level 1. HP: 18/18 MP: 1/1
    75 | D:1      | Found a faded altar of an unknown god.
    89 | D:1      | Prayed at the altar of an unknown god.
    89 | D:1      | Became a worshipper of Lugonu the Unformed
    89 | D:1      | Reached * piety under Lugonu
   156 | D:$      | Got out of the dungeon alive.

Illustrated notes

Levels and vault maps discovered:
D:1:      lightli_arrival_lavapool, layout_basic, ebering_ecumenical_altar_mist,
          fountainhead, st_stairs_1

Skill      XL: |  1 |
---------------+----+-----
Maces & Flails | 2 |  2.0
Fighting       | |  2.7
Armour         | |  3.7
Shields        | |  3.3

Action                     || total
---------------------------++-------
  Melee: Flail             ||     8
         Tailslap          ||     1
 Armour: Scale mail        ||     2
  Dodge: Dodged            ||     2
